AoeStats
← el eel

Black Forest

509750557Analyzed
2v2 RM · 6d ago on Sep 27, 2026· 55m 17s· 4 players
Game mode
Random Map
Map size
Medium (4 player)
Population
200
Speed
Normal
Resources
Standard
Victory
Conquest
Starting age
Dark Age
Ending age
Imperial Age
RankedLock teamsTeams togetherTeam positionsShared explorationLock speedFull tech treeHidden civsTurbo modeCheats
Victory
Defeat
🇧🇬 Celts · Bulgaria
916
+15
🇲🇽 Persians · Mexico
910
+15
🇨🇦 Byzantines · Canada
939
-18
🇺🇸 Bohemians · United States
830
-12
nordland11
0:31 Loom
14:06 Feudal Age
16:03 Double-Bit Axe
16:02 Horse Collar
19:47 Castle Age
18:17 Gold Mining
18:22 Stone Mining
21:11 Wheelbarrow
22:19 Bow Saw
25:44 Hand Cart
26:14 Gold Shaft Mining
27:39 Heavy Plow
29:14 Caravan
29:18 Scale Mail Armor
29:29 Forging
33:30 Imperial Age
32:40 Stone Shaft Mining
32:48 Town Watch
33:34 Elite Woad Raider
34:14 Onager
34:47 Arson
35:30 Conscription
36:46 Town Patrol
37:32 Furor Celtica
38:02 Chain Mail Armor
38:23 Iron Casting
40:33 Plate Mail Armor
41:03 Blast Furnace
42:09 Siege Onager
45:09 Capped Ram
50:50 Siege Ram
Navalos
0:26 Loom
16:49 Feudal Age
21:25 Castle Age
19:36 Double-Bit Axe
19:34 Horse Collar
22:17 Bow Saw
22:16 Heavy Plow
30:12 Bloodlines
30:02 Husbandry
31:17 Crossbowman
34:26 Wheelbarrow
33:36 Town Watch
35:42 Town Patrol
36:01 Kamandaran
36:13 Husbandry
36:31 Scale Barding Armor
36:17 Fletching
36:52 Thumb Ring
38:31 Bodkin Arrow
40:10 Gold Mining
40:11 Stone Mining
40:53 Chain Barding Armor
40:44 Forging
40:34 Padded Archer Armor
41:01 Murder Holes
40:39 Light Cavalry
41:57 Gold Shaft Mining
41:57 Stone Shaft Mining
41:30 Caravan
43:56 Leather Archer Armor
44:16 Iron Casting
46:14 Imperial Age
44:02 Hand Cart
46:18 Cavalier
49:37 Plate Barding Armor
49:32 Ring Archer Armor
50:03 Blast Furnace
49:31 Conscription
48:32 Elite War Elephant
50:57 Crop Rotation
51:32 Two-Man Saw
Rem wake up
1:06 Loom
19:08 Feudal Age
19:56 Double-Bit Axe
24:29 Forging
26:24 Castle Age
27:42 Scale Mail Armor
27:34 Fletching
27:45 Padded Archer Armor
27:10 Crossbowman
27:11 Elite Skirmisher
28:38 Wheelbarrow
29:07 Bow Saw
31:59 Pikeman
38:53 Imperial Age
38:12 Bodkin Arrow
38:53 Iron Casting
39:27 Hand Cart
42:39 Chemistry
43:31 Coinage
el eel
12:31 Feudal Age
12:53 Horse Collar
16:17 Double-Bit Axe
21:51 Castle Age
22:32 Wheelbarrow
23:40 Bow Saw
23:45 Heavy Plow
25:32 Coinage
24:56 Fletching
27:19 Hand Cart
29:22 Pikeman
31:08 Loom
32:09 Forging
32:00 Scale Mail Armor
31:48 Gambesons
32:13 Squires
32:30 Bodkin Arrow
33:19 Gold Mining
33:19 Stone Mining
36:34 Imperial Age
34:48 Iron Casting
34:29 Chain Mail Armor
35:07 Caravan
35:46 Chain Mail Armor
35:38 Scale Barding Armor
36:02 Gambesons
35:51 Elite Skirmisher
38:21 Logistica
38:58 Crop Rotation
39:38 Guard Tower
42:26 Keep
42:53 Chemistry
43:56 Conscription
43:51 Murder Holes
45:23 Plate Mail Armor
46:18 Two-Man Saw
48:45 Chain Barding Armor
Connection lost

Rejoining the realm…

Still unreachable

The connection could not be restored.

Session expired

The server has moved on; the page needs a fresh start.